 Dungeon Crawl Stone Soup version 0.18.1-47-g9310371 (webtiles) character file.

1984 sveltemanboy the Basher (level 9, -1/81 HPs)
             Began as an Ogre Hunter on June 21, 2016.
             Slain by an orc warrior
             ... wielding a +0 broad axe
              (24 damage)
             ... on level 7 of the Dungeon.
             The game lasted 00:21:11 (7171 turns).

sveltemanboy the Basher (Ogre Hunter)               Turns: 7171, Time: 00:21:12

Health: -1/81      AC:  9    Str: 22    XL:     9   Next: 21%
Magic:  9/9        EV: 10    Int: 10    God:
Gold:   168        SH:  0    Dex: 10    Spells: 0 memorised, 8 levels left

rFire  + . .     SeeInvis .     o - +1 mace (protect)
rCold  x . .     Gourm    .     b - +1 robe
rNeg   + . .     Faith    .     (no shield)
rPois  .         Spirit   .     (helmet restricted)
rElec  .         Dismiss  .     (no cloak)
rCorr  .         Reflect  .     (gloves unavailable)
SustAt .         Harm     .     (boots unavailable)
MR     +....     Rnd*Rage +     (no amulet)
Stlth  +.........               r - ring of positive energy
                                n - ring of fire

@: confused, somewhat resistant to hostile enchantments, very unstealthy
A: unfitting armour, beak, horns 2, berserk 1, magic resistance 1, tough skin 1,
sturdy frame 1
a: no special abilities


You were on level 7 of the Dungeon.
You were hungry.

You visited 1 branch of the dungeon, and saw 7 of its levels.

You collected 168 gold pieces.

Inventory:

Hand Weapons
 o - a +1 mace of protection (weapon)
 y - a +0 morningstar
Missiles
 c - 5 large rocks
 d - 4 throwing nets
 k - 184 stones (quivered)
Armour
 b - a +1 robe (worn)
Jewellery
 n - a ring of fire (left hand)
 r - a ring of positive energy (right hand)
Wands
 v - a wand of iceblast (13/15)
Scrolls
 a - a scroll of blinking
 e - a scroll of enchant armour
 h - 2 scrolls of fog
 i - 2 scrolls of teleportation
 j - 2 scrolls of fear
 l - a scroll of identify
 s - a scroll of magic mapping
 x - a scroll of enchant weapon
 E - a scroll of noise {unknown}
 G - a scroll of remove curse
Potions
 m - 2 potions of cancellation
 p - 2 potions of might
 q - a potion of brilliance
 w - 2 potions of lignification
 z - 2 potions of resistance
 A - a potion of flight
 B - 2 potions of curing
 C - 2 potions of haste
 F - a potion of heal wounds {unknown}
Comestibles
 f - 4 bread rations
 g - a meat ration
 u - a beef jerky


   Skills:
 - Level 3.0 Fighting
 * Level 12.0 Maces & Flails
 - Level 4.1 Throwing
 + Level 5.4 Armour
 - Level 2.0 Dodging
 - Level 0.7 Stealth


You had 8 spell levels left.
You didn't know any spells.

Dungeon Overview and Level Annotations

Branches:
Dungeon (7/15)
 Temple: D:4-7

Altars:
Ashenzari
Elyvilon
Fedhas
Makhleb
Nemelex Xobeh
Pakellas
Qazlal
Xom
Zin
The Shining One

Shops:
D:6 }


Innate Abilities, Weirdness & Mutations

You are too large for most types of armour.
You have tough skin (AC +1).
You have a beak for a mouth.
You have a pair of horns on your head.
You tend to lose your temper in combat.
You are resistant to hostile enchantments.
Your movements are slightly less encumbered by armour (ER -2).


Message History

You peck the orc warrior.
The orc warrior is severely wounded.
The orc warrior hits you with a broad axe!
An orc priest comes into view. It is wielding a dagger.
You completely miss the orc warrior. You peck the orc warrior.
The orc warrior is almost dead.
You completely miss the orc warrior.
You peck the orc warrior, but do no damage.
The orc warrior is almost dead.
The orc warrior hits you with a broad axe!
* * * LOW HITPOINT WARNING * * *
An orc priest comes into view. It is wielding a club.
You are too injured to fight recklessly!
Drink which item? (? for menu, Esc to quit)
It was a potion of ambrosia.
You are confused.
You feel invigorated.
The orc priest shouts!
The orc warrior hits you with a broad axe!!
You die...

.##......#
....##o.#
#...##..#
#.#.##..#
#...##..#####.#
#..(##.........
#.o.##..#
#.#...###(###
#......@oo..#
........###.#.#
###.#.#.# #.#.#
###.#.# #.# #
..... ...
.#.#.# #.# #.
#.. #.# ## .#


You could see an orc warrior and 2 orc priests.

Vanquished Creatures
  The ghost of Wardy the Magician, an amateur DECj (D:4)
  Edmund (D:6)
  3 phantoms
  2 sky beasts
  An ogre (D:5)
  A centaur (D:5)
  2 scorpions
  A howler monkey (D:3)
  2 crimson imps
  A quasit (D:5)
  An orc priest (D:4)
  5 hounds
  A centaur skeleton (D:4)
  2 giant frog skeletons
  5 orc wizards
  Jessica (D:2)
  Ijyb (D:2)
  An iguana (D:5)
  2 worker ants
  Robin (D:2)
  7 gnolls
  A howler monkey skeleton (D:6)
  7 adders
  A shadow imp (D:5)
  2 oozes
  An adder zombie (D:6)
  3 adder skeletons
  5 worms
  2 dart slugs (D:1)
  5 giant geckos
  19 orcs
  8 giant cockroaches
  13 goblins
  8 hobgoblins
  11 kobolds
  4 quokkas
  11 bats
  5 giant newts
  12 rats
160 creatures vanquished.

Vanquished Creatures (others)
  An orc wizard (D:4)
1 creature vanquished.

Grand Total: 161 creatures vanquished

Notes
Turn   | Place    | Note
--------------------------------------------------------------
     0 | D:1      | sveltemanboy the Ogre Hunter began the quest for the Orb.
     0 | D:1      | Reached XP level 1. HP: 22/22 MP: 1/1
   302 | D:1      | Reached skill level 1 in Maces & Flails
   302 | D:1      | Reached XP level 2. HP: 29/29 MP: 2/2
   582 | D:1      | Reached skill level 2 in Maces & Flails
   667 | D:1      | Reached XP level 3. HP: 36/36 MP: 3/3
  1061 | D:2      | Reached skill level 3 in Maces & Flails
  1169 | D:2      | Noticed Ijyb
  1173 | D:2      | Killed Ijyb
  1173 | D:2      | Reached skill level 1 in Armour
  1173 | D:2      | Reached XP level 4. HP: 45/45 MP: 4/4
  1195 | D:2      | Reached skill level 4 in Maces & Flails
  1199 | D:2      | Noticed Robin
  1238 | D:2      | Killed Robin
  1239 | D:2      | HP: 2/45 [goblin[Robin] (1)]
  1673 | D:2      | Found a burning altar of Makhleb.
  1681 | D:2      | Reached XP level 5. HP: 46/53 MP: 5/5
  1739 | D:2      | Reached skill level 5 in Maces & Flails
  2007 | D:2      | Noticed Jessica
  2016 | D:2      | Killed Jessica
  2340 | D:3      | Reached XP level 6. HP: 61/61 MP: 6/6
  2402 | D:3      | Reached skill level 6 in Maces & Flails
  3420 | D:4      | Reached skill level 7 in Maces & Flails
  3465 | D:4      | Noticed Wardy's ghost (amateur DECj)
  3743 | D:4      | Reached XP level 7. HP: 57/67 MP: 7/7
  3860 | D:4      | Found a stormy altar of Qazlal.
  4000 | D:4      | Killed Wardy's ghost
  4000 | D:4      | Reached skill level 8 in Maces & Flails
  4659 | D:4      | Reached skill level 9 in Maces & Flails
  4659 | D:4      | Reached XP level 8. HP: 75/75 MP: 8/8
  4961 | D:5      | Entered Level 5 of the Dungeon
  5208 | D:5      | Gained mutation: You have a pair of small horns on your head. [mutagenic meat]
  5209 | D:5      | Gained mutation: Your muscles are strong. (Str +2) [mutagenic meat]
  5210 | D:5      | Gained mutation: You are robust (+10% HP). [mutagenic meat]
  5211 | D:5      | Lost mutation: Your muscles are strong. (Str +2) [mutagenic meat]
  5212 | D:5      | Gained mutation: You are resistant to hostile enchantments. [mutagenic meat]
  5375 | D:5      | Found a shattered altar of Ashenzari.
  5420 | D:5      | Found a white marble altar of Elyvilon.
  5420 | D:5      | Found a glowing silver altar of Zin.
  5420 | D:5      | Found a glowing golden altar of the Shining One.
  5478 | D:5      | Reached skill level 10 in Maces & Flails
  6325 | D:6      | Noticed Edmund
  6336 | D:6      | Killed Edmund
  6336 | D:6      | Reached skill level 11 in Maces & Flails
  6336 | D:6      | Reached skill level 5 in Armour
  6658 | D:6      | Reached XP level 9. HP: 83/89 MP: 9/9
  6675 | D:6      | Found a shimmering altar of Xom.
  6678 | D:6      | Found a blossoming altar of Fedhas.
  6680 | D:6      | Found a sparkling altar of Nemelex Xobeh.
  6851 | D:6      | Gained mutation: You have a pair of horns on your head. [mutagenic meat]
  6852 | D:6      | Gained mutation: Your movements are slightly less encumbered by armour (ER -2). [mutagenic meat]
  6853 | D:6      | Gained mutation: You have a beak for a mouth. [mutagenic meat]
  6854 | D:6      | Lost mutation: You are robust (+10% HP). [mutagenic meat]
  6856 | D:6      | Gained mutation: You tend to lose your temper in combat. [mutagenic meat]
  6949 | D:6      | Found an oddly glowing altar of Pakellas.
  6949 | D:6      | Found Pakellas's Prime Provisions.
  7020 | D:6      | Reached skill level 12 in Maces & Flails
  7171 | D:7      | Slain by an orc warrior

Skill      XL: |  1  2  3  4  5  6  7  8  9 |
---------------+----------------------------+-----
Maces & Flails | 1 2 3 4 5 7 9 11 12 | 12.0
Dodging        | 2 |  2.0
Fighting       | 3 |  3.0
Armour         | 1 2 3 5 |  5.4
Throwing       | |  4.1
Stealth        | |  0.7

Action                   |  1- 3 |  4- 6 |  7- 9 || total
-------------------------+-------+-------+-------++-------
Melee: Short sword       |    18 |       |       ||    18
       Whip              |    33 |       |       ||    33
       Mace              |    36 |   209 |   245 ||   490
       Headbutt          |       |       |    18 ||    18
       Peck              |       |       |     4 ||     4
Throw: Stone             |    53 |    67 |   145 ||   265
       Throwing net      |     5 |     1 |     1 ||     7
       Large rock        |     4 |     3 |    22 ||    29
Evoke: Wand              |       |    16 |    10 ||    26
  Use: Potion            |       |     4 |     1 ||     5
       Scroll            |       |       |    16 ||    16
 Stab: Sleeping          |     1 |       |       ||     1
       Paralysed         |       |     2 |       ||     2
       Distracted        |       |     1 |       ||     1
  Eat: Chunk             |     1 |     8 |    22 ||    31
Armor: Robe              |    24 |   100 |    77 ||   201
Dodge: Dodged            |    48 |   116 |    97 ||   261
